 Dungeon Crawl Stone Soup version 0.32-a0-999-gfa1cc04b1d (webtiles) character file.

Game seed: 264269392895953633

1028 wilfster70 the Cleaver (level 8, -3/73 HPs)
             Began as a Minotaur Fighter on Apr 24, 2024.
             Slain by a gnoll
             ... wielding a +2 halberd of protection
             ... led by a gnoll bouda
              (13 damage)
             ... on level 6 of the Dungeon.
             The game lasted 00:08:07 (4434 turns).

wilfster70 the Cleaver (Minotaur Fighter)           Turns: 4434, Time: 00:08:08

Health: -3/73      AC: 13    Str: 22    XL:     8   Next: 3%
Magic:  7/7        EV:  5    Int:  7    God:
Gold:   187        SH:  4    Dex:  9    Spells: 7/7 levels left

rFire   . . .        a - +0 war axe
rCold   + . .        c - +0 buckler
rNeg    . . .        B - +0 plate armour
rPois   .            (helmet restricted)
rElec   .            t - +0 cloak
rCorr   .            (no gloves)
SInv    .            v - +0 pair of boots
Will    .....        (no amulet) Stlth
                     e - ring of protection from cold
HPRegen 0.32/turn    (no ring)
MPRegen 0.10/turn

%: no passive effects
@: no status effects
A: horns 2, retaliatory headbutt
a: no special abilities


You were on level 6 of the Dungeon.
You visited 1 branch of the dungeon, and saw 7 of its levels.

You collected 187 gold pieces.

Inventory:

Hand Weapons
 a - a +0 war axe (weapon)
 b - a +0 flail
Armour
 c - a +0 buckler (worn)
 t - a +0 cloak (worn)
 v - a +0 pair of boots (worn)
 B - a +0 plate armour (worn)
Jewellery
 e - a ring of protection from cold (left hand)
 g - a ring of magical power
 s - a +6 ring of strength
 C - a +4 ring of protection
 D - an amulet of magic regeneration
Wands
 q - a wand of charming (3)
 y - a wand of iceblast (9)
Scrolls
 h - a scroll of fog
 i - 2 scrolls of enchant weapon {unknown}
 j - a scroll of butterflies {unknown}
 m - 2 scrolls of poison
 o - a scroll of blinking
 u - 2 scrolls of enchant armour {unknown}
 w - a scroll of acquirement {unknown}
 x - a scroll of teleportation {unknown}
 z - a scroll of silence {unknown}
Potions
 d - a potion of might
 f - 3 potions of haste
 k - 2 potions of brilliance
 l - 2 potions of lignification
 n - a potion of curing
 p - 2 potions of degeneration
 r - a potion of heal wounds {unknown}
 A - a potion of cancellation {unknown}
 E - a potion of enlightenment {unknown}


   Skills:
 + Level 7.4 Fighting
 * Level 9.4 Axes
 - Level 3.6 Armour
 - Level 3.6 Shields


You had 7 spell levels left.
You didn't know any spells.
Your spell library contained the following spells:

 Spells                   Type           Power      Damage    Failure   Level
 Teleport Other           Tloc           0%         N/A       100%        3
 Ignite Poison            Fire/Alch      0%         N/A       100%        4
 Sticky Flame             Fire/Alch      0%         2d4       100%        4
 Dispersal                Tloc           0%         N/A       100%        6
 Gell's Gavotte           Tloc           0%         2d(11-16) 100%        6
 Ignition                 Fire           0%         3d3       100%        8


Dungeon Overview and Level Annotations

Branches:
Dungeon (7/15)
 Temple: D:4-7

Altars:
Makhleb
Okawaru
Sif Muna
Zin

Shops:
D:4 (


Innate Abilities, Weirdness & Mutations

You have a pair of horns on your head.
You reflexively headbutt those who attack you in melee.


Message History

You slash the phantom! Your headbutt misses the phantom.
The phantom is severely damaged.
The gnoll hits you but does no damage. The phantom completely misses you.
You furiously retaliate!
You headbutt the phantom!
You destroy the phantom!
A gnoll comes into view. It is wielding a +0 spear.
You have reached level 8!
You feel stronger.
Your attacks no longer feel as feeble.
The gnoll attacks as it pursues you!
The gnoll hits you from afar with a +2 halberd of protection.
The howler monkey hoots and howls with incredible vigour!
The gnoll attacks as it pursues you! The gnoll barely misses you.
You hear a shout! x3
You see here an adder corpse.
The gnoll attacks as it pursues you! The gnoll hits you but does no damage.
The howler monkey attacks as it pursues you!
The howler monkey hits you.
The gnoll hits you from afar with a +2 halberd of protection.
The gnoll is no longer moving quickly.
The gnoll attacks as it pursues you!
The gnoll hits you from afar with a +2 halberd of protection.
* * * LOW HITPOINT WARNING * * *
You closely miss the howler monkey. Your headbutt misses the howler monkey.
The howler monkey barely misses you. The gnoll hits you but does no damage.
You closely miss the howler monkey. You headbutt the howler monkey.
The howler monkey is moderately wounded.
The howler monkey hits you but does no damage.
The gnoll hits you from afar with a +2 halberd of protection!
* * * LOW HITPOINT WARNING * * *
The howler monkey hits you but does no damage.
You closely miss the howler monkey.
The howler monkey is moderately wounded.
The howler monkey hits you.
* * * LOW HITPOINT WARNING * * *
The gnoll hits you but does no damage.
You hit the howler monkey.
The howler monkey is heavily wounded.
The howler monkey hits you but does no damage.
The gnoll hits you from afar with a +2 halberd of protection!
You die...

########### ### #....>....#
.. #.#######.# .# #.#
####.#####. #.#
#######.......... ######.##
#..@hgg..>)......
#.......###..###...))......
#.#..........# #..##$##.##.
#.##..####.##.......g .. #.
#..# #.##...##.##.# . #
#..# #.##...# .# # #..#
#.##<..# .. #..# ...#....
.. ...# ##..... ..


You could see a howler monkey and 2 gnolls.

Vanquished Creatures
  Sigmund (D:2)
  2 phantoms
  A bullfrog (D:5)
  2 scorpions (D:4)
  2 jellies (D:4)
  2 hounds
  2 orc priests (D:7)
  A gnoll bouda (D:6)
  2 iguanas (D:5)
  An orc wizard (D:3)
  Ijyb (D:4)
  11 gnolls
  4 adders
  A white imp (D:6)
  2 ribbon worms (D:5)
  2 dart slugs
  5 orcs
  6 ball pythons
  9 bats
  7 endoplasms
  5 giant cockroaches
  10 goblins
  4 hobgoblins
  3 jackals (D:2)
  3 quokkas
  6 frilled lizards
  10 kobolds
  4 rats
109 creatures vanquished.

Notes
Turn   | Place    | Note
-------+----------+-------------------------------------------
     0 | D:1      | wilfster70 the Minotaur Fighter began the quest for the
                  | Orb.
     0 | D:1      | Reached XP level 1. HP: 19/19 MP: 0/0
   115 | D:1      | Reached skill level 3 in Axes
   115 | D:1      | Reached XP level 2. HP: 25/27 MP: 1/1
   306 | D:1      | Found a faded altar of an unknown god.
   759 | D:2      | Reached XP level 3. HP: 33/33 MP: 2/2
   893 | D:2      | Reached skill level 4 in Axes
  1214 | D:2      | Found a burning altar of Makhleb.
  1214 | D:2      | Noticed Sigmund
  1230 | D:2      | Killed Sigmund
  1231 | D:2      | Reached skill level 5 in Fighting
  1231 | D:2      | Reached skill level 5 in Axes
  1231 | D:2      | Reached XP level 4. HP: 19/42 MP: 3/3
  1231 | D:2      | Reached XP level 5. HP: 21/48 MP: 4/4
  1399 | D:2      | Reached skill level 6 in Axes
  1970 | D:3      | Reached XP level 6. HP: 56/56 MP: 5/5
  2574 | D:4      | Found Muoxirr's Antique Weapon Boutique.
  2809 | D:4      | Reached skill level 7 in Axes
  2993 | D:4      | Noticed Ijyb
  3014 | D:4      | Killed Ijyb
  3174 | D:4      | Reached XP level 7. HP: 63/64 MP: 6/6
  3477 | D:4      | Reached skill level 8 in Axes
  3616 | D:5      | Entered Level 5 of the Dungeon
  3697 | D:5      | Found an iron altar of Okawaru.
  3911 | D:5      | Found a shimmering blue altar of Sif Muna.
  4035 | D:5      | Found a glowing silver altar of Zin.
  4245 | D:5      | You fall into a shaft and drop 2 floors!
  4306 | D:7      | Reached skill level 9 in Axes
  4425 | D:6      | Reached XP level 8. HP: 33/73 MP: 7/7
  4434 | D:6      | Slain by a gnoll

Illustrated notes

Levels and vault maps discovered:
D:1:      dpeg_arrival_chambers_temple_mockup, layout_basic,
          nicolae_ecumenical_lake_church
D:2:      layout_loops_ring, basic_altar, uniq_sigmund
D:3:      layout_basic
D:4:      minmay_razor_zed, layout_basic, serial_shops, shop, kennysheep_donut,
          uniq_ijyb
D:5:      layout_basic, mainiacjoe_overflow_concentric_impassable,
          lemuel_round_altar, kennysheep_little_box, amethyst_killhole
D:6:      layout_loops_ring, dancing_weapons_uskayaw
D:7:      layout_loops_ring, kennysheep_mini_moat,
          mainiacjoe_overflow_small_starburst, nicolae_tso_swordbearing_angel,
          grunt_temple_overflow_open, mainiacjoe_overflow_catwalk,
          minmay_temple_entry_statues_pillars

Skill      XL: |  1  2  3  4  5  6  7 |
---------------+----------------------+-----
Axes           | 3 5 6 7 9 |  9.4
Fighting       | 4 5 6 7 |  7.4
Armour         | |  3.6
Shields        | |  3.6

Action                     |  1- 3 |  4- 6 |  7- 9 || total
---------------------------+-------+-------+-------++-------
  Melee: War axe           |    90 |   124 |    81 ||   295
         Headbutt          |     7 |    18 |    13 ||    38
    Use: Scroll            |       |       |     8 ||     8
 Armour: Scale mail        |    72 |       |       ||    72
         Chain mail        |    30 |   110 |    21 ||   161
         Plate armour      |       |       |    63 ||    63
  Dodge: Dodged            |    38 |    46 |    27 ||   111
  Block: Buckler           |    24 |    32 |    16 ||    72

Table legend: (Time is in decaauts)
 A = Elapsed time spent in this place.
 B = Non-inter-level travel time spent in this place.
 C = Inter-level travel time spent in this place.
 D = Time resting spent in this place.
 E = Time spent auto-exploring this place.
 F = Levels seen in this place.
 G = Mean time per level.
                   A        B        C        D        E       F      G
               +--------+--------+--------+--------+--------+-----+--------+
         Total |   4499 |   4304 |    195 |    218 |   2726 |   7 |  642.7 |
       Dungeon |   4499 |   4304 |    195 |    218 |   2726 |   7 |  642.7 |
               +--------+--------+--------+--------+--------+-----+--------+

Top non-repeatable levels by time:
     D:3: 1065 daAuts
     D:4: 1064 daAuts
     D:2: 828 daAuts
     D:1: 718 daAuts
     D:5: 630 daAuts
     D:6: 124 daAuts
     D:7: 67 daAuts
